AoeStats
← dvdvnlng

Arabia

508562247Analyzed
1v1 RM · 9d ago on Sep 23, 2026· 42m 27s· 2 players
Game mode
Random Map
Map size
Tiny (2 player)
Population
200
Speed
Normal
Resources
Standard
Victory
Conquest
Starting age
Dark Age
Ending age
Imperial Age
RankedLock teamsTeams togetherTeam positionsShared explorationLock speedFull tech treeHidden civsTurbo modeCheats
Victory
Defeat
🇬🇧 Byzantines · United Kingdom
1048
+15
🇺🇸 Inca · United States
1017
-15
TaimurMojo9865
6:16 Loom
9:43 Feudal Age
10:52 Double-Bit Axe
12:52 Fletching
20:42 Castle Age
19:54 Scale Barding Armor
20:00 Forging
23:01 Wheelbarrow
22:08 Crossbowman
22:55 Bodkin Arrow
25:28 Iron Casting
27:43 Chain Barding Armor
29:22 Husbandry
33:56 Imperial Age
33:27 Hand Cart
34:04 Bow Saw
35:10 Horse Collar
37:13 Plate Barding Armor
37:42 Fervor
36:58 Elite Cataphract
38:42 Heavy Plow
38:35 Gold Mining
38:36 Stone Mining
dvdvnlng
9:33 Loom
12:22 Feudal Age
12:53 Double-Bit Axe
13:00 Gold Mining
12:51 Horse Collar
12:57 Horse Collar
13:25 Champi Runner
18:25 Scale Mail Armor
21:21 Forging
23:09 Wheelbarrow
22:36 Arson
26:37 Castle Age
26:22 Stone Mining
26:42 Champi Warrior
27:24 Squires
26:45 Pikeman
26:58 Elite Skirmisher
28:14 Bow Saw
28:26 Chain Mail Armor
28:35 Heavy Plow
35:09 Iron Casting
36:27 Hand Cart
38:25 Town Watch
41:03 Town Patrol
Connection lost

Rejoining the realm…

Still unreachable

The connection could not be restored.

Session expired

The server has moved on; the page needs a fresh start.